 Dungeon Crawl Stone Soup version 0.30-a0-141-g30f27751c5 (webtiles) character file.

Game seed: 11305330016339670932

410 qw the Chopper (level 6, -5/39 HPs)
             Began as a Gargoyle Fighter on Sept 25, 2022.
             Slain by an ogre
             ... wielding a +0 giant club
              (15 damage)
             ... on level 4 of the Dungeon.
             The game lasted 00:01:14 (2976 turns).

qw the Chopper (Gargoyle Fighter)                   Turns: 2976, Time: 00:01:15

Health: -5/39      AC: 11    Str: 22    XL:     6   Next: 89%
Magic:  6/6        EV: 10    Int:  8    God:
Gold:   82         SH:  4    Dex:  9    Spells: 5/5 levels left

rFire   . . .      SeeInvis .    Y - +3 war axe
rCold   . . .      Faith    .    c - +0 buckler
rNeg    + . .      Spirit   .    b - +0 scale mail
rPois   inf        Reflect  .    (no helmet)
rElec   +          Harm     .    (no cloak)
rCorr   .          Rampage  .    (no gloves)
Will    +....                    (no boots)
Stlth   ..........               (no amulet)
HPRegen 0.13/turn                o - ring of willpower
MPRegen 0.10/turn                (no ring)

@: no status effects
A: sickness immunity, AC +4, negative energy resistance 1, electricity
resistance, torment resistance 1, petrification resistance
a: no special abilities


You were on level 4 of the Dungeon.
You visited 1 branch of the dungeon, and saw 4 of its levels.

You collected 199 gold pieces.
You spent 117 gold pieces at shops.


Innate Abilities, Weirdness & Mutations

You are immune to sickness and miasma.
Your stone body is resilient. (AC +4)
You are immune to poison.
You resist negative energy. (rN+)
You are resistant to electric shocks. (rElec)
You are resistant to unholy torment.
You are immune to petrification.


   Skills:
 - Level 4.3 Fighting
 + Level 5.3 Axes
 - Level 3.2 Armour
 - Level 2.2 Dodging
 - Level 3.2 Shields


You had 5 spell levels left.
You didn't know any spells.
Your spell library was empty.

Inventory:

Hand Weapons
 i - a +0 mace
 Y - a +3 war axe (weapon)
Armour
 b - a +0 scale mail (worn)
 c - a +0 buckler (worn)
Jewellery
 h - a ring of willpower
 o - a ring of willpower (left hand)
Scrolls
 a - 2 scrolls of identify
 k - a scroll of poison {unknown}
 m - a scroll of blinking {unknown}
Potions
 d - a potion of might
 e - a potion of magic {unknown}
 f - 2 potions of attraction
 g - 2 potions of curing
 j - a potion of flight {unknown}
 l - a potion of mutation {unknown}

Dungeon Overview and Level Annotations

Branches:
Dungeon (4/15)
 Temple: D:4-7

Altars:
Uskayaw

Shops:
D:3 *


Message History

The iguana hisses angrily.
You barely miss the iguana.
The iguana bites you but does no damage.
You barely miss the iguana. The iguana barely misses you.
You hit the iguana but do no damage. The iguana bites you.
You slash the iguana!
The iguana is severely wounded.
The iguana barely misses you. You block the iguana's attack.
You hit the iguana.
The iguana is almost dead.
The iguana bites you!
You hit the iguana.
You kill the iguana!
You start resting.
HP restored.
k - a scroll labelled LAG NITZONYCE
Enter note:
a - 2 scrolls of identify (gained 1)
m - a scroll labelled WECWO XATAIDO An ogre comes into view.
It is wielding a +0 giant club.
You slash the ogre!
The ogre is moderately wounded.
You block the ogre's attack.
You hit the ogre.
The ogre is heavily wounded.
The ogre hits you with a +0 giant club!
You hit the ogre.
The ogre is severely wounded.
The ogre hits you but does no damage.
You slash the ogre!
The ogre is almost dead.
The ogre hits you with a +0 giant club!
You barely miss the ogre.
The ogre is almost dead.
You barely miss the ogre.
The ogre is almost dead.
The ogre hits you with a +0 giant club!
You die...

#..............#
# #.#.#.
##.##.#.###...##
#.#...
#.........#
#.##.#
###.......#
#.##.# #####...#
#.##.# ##..#
#.######.....
#..#
#........####
#..# ########.#
# #@.# #.# #
......O..# #.# #
#######.## #.# #
#.# #.# # #.#
#.# # #.. #.# #
##. #.# . #.#
#(#


You could see an ogre.

Vanquished Creatures
  Menkaure (D:4)
  An ice beast (D:3)
  A hound (D:3)
  An iguana (D:4)
  A gnoll (D:1)
  8 adders
  A worm (D:3)
  8 bats
  6 endoplasms
  3 giant cockroaches
  6 goblins
  6 hobgoblins
  3 jackals (D:3)
  A quokka (D:2)
  4 ball pythons
  3 frilled lizards (D:1)
  5 kobolds
  6 rats
65 creatures vanquished.

Vanquished Creatures (others)
  A plant (D:3)
1 creature vanquished.

Grand Total: 66 creatures vanquished

Notes
Turn   | Place    | Note
-------+----------+-------------------------------------------
     0 | D:1      | qw the Gargoyle Fighter began the quest for the Orb.
     0 | D:1      | Reached XP level 1. HP: 14/14 MP: 1/1
     0 | D:1      | 0 ||| qw: Version: 0.2-a-10-g399e6c4
     0 | D:1      | 0 ||| qw: Game counter: 150
     0 | D:1      | 0 ||| qw: Always use a shield: true
     0 | D:1      | 0 ||| qw: God list: Okawaru
     0 | D:1      | 0 ||| qw: Allow faded altars: false
     0 | D:1      | 0 ||| qw: Do Orc after D:15 true
     0 | D:1      | 0 ||| qw: Do second Lair branch before Depths: true
     0 | D:1      | 0 ||| qw: Lair rune preference: random
     0 | D:1      | 0 ||| qw: Plans: Normal, Zot:1-4, God:TSO, Crypt, Tomb,
                  | Pan, Slime:5, Hells, Abyss, Orb
     0 | D:1      | 0 ||| PLANNING D:1-11
    38 | D:1      | Reached skill level 2 in Axes
   156 | D:1      | 156 ||| Stepping ~*~*~tactically~*~*~ (stealth).
   158 | D:1      | 158 ||| Stepping ~*~*~tactically~*~*~ (stealth).
   159 | D:1      | 159 ||| Stepping ~*~*~tactically~*~*~ (stealth).
   167 | D:1      | Reached XP level 2. HP: 19/19 MP: 2/2
   171 | D:1      | 171 ||| Stepping ~*~*~tactically~*~*~ (stealth).
   178 | D:1      | 178 ||| Stepping ~*~*~tactically~*~*~ (stealth).
   257 | D:1      | 257 ||| Stepping ~*~*~tactically~*~*~ (stealth).
   258 | D:1      | 258 ||| Stepping ~*~*~tactically~*~*~ (stealth).
   259 | D:1      | 259 ||| Stepping ~*~*~tactically~*~*~ (stealth).
   273 | D:1      | Reached skill level 3 in Axes
   595 | D:1      | Reached XP level 3. HP: 21/23 MP: 3/3
   872 | D:1      | 872 ||| DROPPING +0 club.
   973 | D:1      | 973 ||| READING scroll labelled KECZYVOERI.
   974 | D:1      | 974 ||| READING scroll labelled WEUSIE XAASUVE.
   975 | D:1      | 975 ||| DRINKING 2 murky red potions.
  1059 | D:2      | 1059 ||| Stepping ~*~*~tactically~*~*~ (stealth).
  1060 | D:2      | 1060 ||| Stepping ~*~*~tactically~*~*~ (stealth).
  1151 | D:2      | Reached XP level 4. HP: 18/28 MP: 4/4
  1152 | D:2      | 1152 ||| Stepping ~*~*~tactically~*~*~ (stealth).
  1159 | D:2      | 1159 ||| Stepping ~*~*~tactically~*~*~ (stealth).
  1359 | D:2      | 1359 ||| Stepping ~*~*~tactically~*~*~ (stealth).
  1402 | D:2      | Reached skill level 4 in Axes
  1621 | D:2      | 1621 ||| READING 3 scrolls labelled HAUB ISMOUCUOL.
  1622 | D:2      | 1622 ||| READING 2 scrolls of enchant weapon.
  1622 | D:2      | 1622 ||| ENCHANTING +1 war axe.
  1623 | D:2      | 1623 ||| READING scroll of enchant weapon.
  1623 | D:2      | 1623 ||| ENCHANTING +2 war axe.
  1624 | D:2      | 1624 ||| DRINKING 3 bubbling orange potions.
  1669 | D:3      | 1669 ||| FLEEEEING.
  1713 | D:3      | Found a faded altar of an unknown god.
  1825 | D:3      | Found a hide-covered altar of Uskayaw.
  1844 | D:3      | Found Debliec's Assorted Antiques.
  1852 | D:3      | 1852 ||| BUYING 2 scrolls labelled BOIXOYD LALL (34 gold).
  1852 | D:3      | Bought 2 scrolls labelled BOIXOYD LALL for 34 gold pieces
  1852 | D:3      | 1852 ||| BUYING potion of curing (51 gold).
  1852 | D:3      | Bought a potion of curing for 51 gold pieces
  1852 | D:3      | 1852 ||| BUYING purple potion (15 gold).
  1852 | D:3      | Bought a purple potion for 15 gold pieces
  1852 | D:3      | 1852 ||| BUYING scroll labelled JAONNITRAN (17 gold).
  1852 | D:3      | Bought a scroll labelled JAONNITRAN for 17 gold pieces
  1852 | D:3      | 1852 ||| SHOPLISTING scroll labelled WECWO XATAIDO (17
                  | gold, have 6).
  1852 | D:3      | 1852 ||| SHOPLISTING scroll of identify (34 gold, have 6).
  1876 | D:3      | 1876 ||| Stepping ~*~*~tactically~*~*~ (stealth).
  1964 | D:3      | Noticed an ice beast
  1973 | D:3      | Killed an ice beast
  1974 | D:3      | Reached skill level 5 in Axes
  1974 | D:3      | Reached XP level 5. HP: 20/32 MP: 5/5
  2512 | D:3      | Reached XP level 6. HP: 36/39 MP: 6/6
  2649 | D:3      | 2649 ||| UPGRADING to ring of willpower.
  2650 | D:3      | 2650 ||| READING 3 scrolls labelled BOIXOYD LALL.
  2651 | D:3      | 2651 ||| READING scroll labelled JAONNITRAN.
  2652 | D:3      | 2652 ||| READING scroll labelled BYIG IVVORGHA.
  2653 | D:3      | 2653 ||| DRINKING 2 lumpy dark potions.
  2654 | D:3      | 2654 ||| DROPPING 2 scrolls of immolation.
  2655 | D:3      | 2655 ||| DROPPING potion of brilliance.
  2689 | D:4      | Noticed Menkaure
  2691 | D:4      | 2691 ||| Stepping ~*~*~tactically~*~*~ (hiding).
  2696 | D:4      | Killed Menkaure
  2976 | D:4      | Slain by an ogre

Levels and vault maps discovered:
D:1:      psy_arrival_spokes, layout_basic, minmay_tromino_i2
D:2:      layout_rooms, kennysheep_nub, hangedman_decor_growths, minmay_tripent
D:3:      layout_loops_ring, nicolae_uskayaw_dance_hall,
          ebering_ecumenical_altar_webs, serial_shops,
          nicolae_shop_overgrown_old_shop, chequers_decorated_corner,
          nrook_campfire, minmay_strange_pillars
D:4:      layout_loops_ring, lexackson_kobold_supper, uniq_menkaure

Skill      XL: |  1  2  3  4  5  6 |
---------------+-------------------+-----
Axes           | 2 3 5 |  5.3
Fighting       | 4 |  4.3
Dodging        | 2 |  2.2
Armour         | |  3.2
Shields        | |  3.2

Action                   |  1- 3 |  4- 6 || total
-------------------------+-------+-------++-------
Melee: War axe           |   105 |   132 ||   237
  Use: Scroll            |     2 |     6 ||     8
       Potion            |     1 |     2 ||     3
Armor: Scale mail        |    56 |    59 ||   115
Dodge: Dodged            |    50 |    71 ||   121
Block: Buckler           |    25 |    19 ||    44

Table legend:
 A = Non-vault XP
 B = Vault XP
 C = Vault XP percentage of total XP
 D = Non-vault monster count
 E = Vault monster count
 F = Vault count percentage of total count
                 A         B        C        D         E       F
            +---------+---------+-------+---------+---------+-------
      Total |     409 |     177 |  30.2 |      60 |       5 |   7.7
            +---------+---------+-------+---------+---------+-------
        D:1 |      38 |       3 |   7.3 |      15 |       2 |  11.8
        D:2 |      76 |       2 |   2.6 |      18 |       2 |  10.0
        D:3 |     245 |       0 |   0.0 |      25 |       0 |   0.0
        D:4 |      50 |     172 |  77.5 |       2 |       1 |  33.3
            +---------+---------+-------+---------+---------+-------
